 Dungeon Crawl Stone Soup version 0.30-a0-570-g486de37d69 (webtiles) character file.

Game seed: 4627630595524693067

1868 Bnni the Jinx (level 9, -4/68 HPs)
             Began as a Formicid Hexslinger on Dec 29, 2022.
             Slain by Maggie
             ... wielding the +9 lance "Wyrmbane" {slay drac, rPois rF+ rC+ AC+3}
              (15 damage)
             ... on level 6 of the Dungeon.
             The game lasted 00:12:48 (6029 turns).

Bnni the Jinx (Formicid Hexslinger)                 Turns: 6029, Time: 00:12:49

Health: -4/68      AC:  3    Str: 14    XL:     9   Next: 35%
Magic:  12/13      EV: 12    Int: 16    God:
Gold:   277        SH:  0    Dex: 16    Spells: 3/14 levels left

rFire   . . .      SeeInvis +    a - +1 sling
rCold   . . .      Faith    .    (no shield)
rNeg    + . .      Spirit   .    k - +0 leather armour {rPois}
rPois   +          Reflect  .    (helmet unavailable)
rElec   .          Harm     .    (no cloak)
rCorr   .          Rampage  .    (no gloves)
Will    .....                    (no boots)
Stlth   +                        (no amulet)
HPRegen 0.31/turn                i - ring of positive energy
MPRegen 0.13/turn                x - ring of wizardry

@: no status effects
A: permanent stasis, dig shafts and tunnels, antennae 3, four strong arms
a: Dig, Shaft Self


You were on level 6 of the Dungeon.
You visited 1 branch of the dungeon, and saw 6 of its levels.

You collected 370 gold pieces.
You spent 93 gold pieces at shops.

Inventory:

Hand Weapons
 a - a +1 sling (weapon)
 z - a +3 scythe of flaming
Missiles
 e - 2 curare-tipped darts
 D - 6 poisoned darts
Armour
 c - a +0 robe
 k - a +0 leather armour of poison resistance (worn)
Jewellery
 i - a ring of positive energy (left hand)
 x - a ring of wizardry (right hand)
Wands
 m - a wand of flame (22)
 u - a wand of charming (8)
Scrolls
 b - 2 scrolls of poison
 g - 3 scrolls of fog {unknown}
 h - 2 scrolls of enchant armour
 l - a scroll of vulnerability
 o - 2 scrolls of magic mapping
 w - a scroll of fear
 y - 2 scrolls of noise {unknown}
 B - 2 scrolls of amnesia {unknown}
 E - a scroll of teleportation {unknown}
 F - a scroll of torment {unknown}
Potions
 d - a potion of might {unknown}
 f - 2 potions of magic {unknown}
 j - a potion of mutation
 n - a potion of experience {unknown}
 p - a potion of invisibility {unknown}
 q - 2 potions of lignification {unknown}
 r - 3 potions of resistance {unknown}
 s - 3 potions of curing {unknown}
 t - 2 potions of haste {unknown}
 v - a potion of attraction {unknown}
 A - a potion of brilliance {unknown}
 C - a potion of berserk rage {unknown}


   Skills:
 + Level 5.5 Fighting
 * Level 7.4 Ranged Weapons
 - Level 1.7 Dodging
 - Level 3.0 Spellcasting
 + Level 8.1 Hexes
 - Level 3.0 Fire Magic


You had 3 spell levels left.
You knew the following spells:

 Your Spells              Type           Power      Damage    Failure   Level
a - Slow                  Hex            100%       N/A       1%          1
b - Inner Flame           Hex/Fire       20%        N/A       3%          3
c - Portal Projectile     Hex/Tloc       30%        N/A       6%          3
d - Cause Fear            Hex            14%        N/A       3%          4

Your spell library contained the following spells:

 Spells                   Type           Power      Damage    Failure   Level
 Ensorcelled Hibernation  Hex/Ice        30%        N/A       2%          2
 Momentum Strike          Conj/Tloc      4%         3d8       14%         2
 Passwall                 Tmut/Erth      1%         N/A       14%         2
 Lesser Beckoning         Tloc           4%         N/A       26%         3
 Stone Arrow              Conj/Erth      4%         3d7       26%         3
 Animate Armour           Summ/Erth      4%         N/A       65%         4
 Lehudib's Crystal Spear  Conj/Erth      1%         10d2      100%        8
 Blink                    Tloc           Unusable   N/A       N/A         2
 Swiftness                Air            Unusable   N/A       N/A         3

Dungeon Overview and Level Annotations

Branches:
Dungeon (6/15)
 Temple: D:4-7

Altars:
Hepliaklqana
Qazlal
Sif Muna
Vehumet
Xom

Shops:
D:2 !   D:5 ([

Annotations:
D:6 Maggie


Innate Abilities, Weirdness & Mutations

You cannot be hasted, slowed, berserked, paralysed or teleported.
You can dig through walls and to a lower floor.
You have a pair of large antennae on your head. (SInv)
Your four strong arms can wield two-handed weapons with a shield.


Message History

You shoot a sling bullet. The sling bullet hits Maggie.
Flame seeps out of Maggie.
Maggie is severely wounded.
Maggie is engulfed in blazing flames.
Flame seeps out of Maggie.
Maggie zaps a wand.
You easily resist.
You shoot a sling bullet. The sling bullet hits Maggie.
Flame seeps out of Maggie.
Maggie is almost dead.
Maggie is engulfed in blazing flames.
Flame seeps out of Maggie.
Maggie hits you from afar with the +9 lance "Wyrmbane" {slay drac, rPois rF+ rC+ AC+3}.
You shoot a sling bullet. The sling bullet barely misses Maggie.
Maggie hits you from afar with the +9 lance "Wyrmbane" {slay drac, rPois rF+ rC+ AC+3}!
You are too injured to fight recklessly!
You are too injured to fight recklessly!
Fire: a) +1 sling
Press: ? - help, Shift-Dir - straight line, f/p - Maggie
Aim: Maggie, wielding the +9 lance "Wyrmbane" {slay drac, rPois rF+ rC+ AC+3}, wearing +0 steam dragon scales and carrying a wand of charming (7) (almost dead, mesmerising, inner flame, 64% to hit)
You shoot a sling bullet. The sling bullet barely misses Maggie.
Maggie casts a spell at you. The bolt of fire misses you.
Fire: a) +1 sling
Press: ? - help, Shift-Dir - straight line, f/p - Maggie
Aim: Maggie, wielding the +9 lance "Wyrmbane" {slay drac, rPois rF+ rC+ AC+3}, wearing +0 steam dragon scales and carrying a wand of charming (7) (almost dead, mesmerising, inner flame, 64% to hit)
You shoot a sling bullet.
The sling bullet hits Maggie but does no damage.
Maggie is almost dead.
Maggie hits you from afar with the +9 lance "Wyrmbane" {slay drac, rPois rF+ rC+ AC+3}!!
* * * LOW HITPOINT WARNING * * *
Fire: a) +1 sling
Press: ? - help, Shift-Dir - straight line, f/p - Maggie
Aim: Maggie, wielding the +9 lance "Wyrmbane" {slay drac, rPois rF+ rC+ AC+3}, wearing +0 steam dragon scales and carrying a wand of charming (7) (almost dead, mesmerising, inner flame, 64% to hit)
You shoot a sling bullet. The sling bullet closely misses Maggie.
You break out of your daze.
Maggie zaps a wand.
You easily resist.
Fire: a) +1 sling
Press: ? - help, Shift-Dir - straight line, f/p - Maggie
Aim: Maggie, wielding the +9 lance "Wyrmbane" {slay drac, rPois rF+ rC+ AC+3}, wearing +0 steam dragon scales and carrying a wand of charming (6) (almost dead, inner flame, 64% to hit)
You shoot a sling bullet. The sling bullet barely misses Maggie.
Maggie hits you from afar with the +9 lance "Wyrmbane" {slay drac, rPois rF+ rC+ AC+3}!
You die...

########.# #.#...#
#..... .........#
#.#...# #.....
####.....# #.....#
#..... #....######....#
###### #....'...).....#
### #....#####.....#
#.. #....# #.....# #..
##...#####.#'#.# #..
#####@.##.#'#+######..
#.....#............##..
#.###@#..........>.##..
.s#............##..
.###............###. ..
#....##+###### #. [.
####.# #. .## #.# #.
#.# ##


You could see Maggie (inner flame) and a scorpion.

Vanquished Creatures
  Sigmund (D:4)
  2 yaks (D:5)
  Eustachio (D:4)
  Duvessa (D:4)
  2 ice beasts
  2 ogres
  2 phantoms
  A necrophage (D:6)
  Dowan (D:4)
  4 hounds
  2 orc priests
  3 iguanas (D:4)
  A gnoll bouda (D:3)
  3 orc wizards (D:5)
  Robin (D:2)
  3 adders
  4 gnolls
  An ufetubus (D:4)
  2 worms
  4 dart slugs
  6 orcs
  13 endoplasms
  2 giant cockroaches (D:2)
  20 goblins
  9 hobgoblins
  5 jackals (D:2)
  3 kobolds (D:2)
  9 quokkas
  4 ball pythons
  7 bats
  5 rats
124 creatures vanquished.

Notes
Turn   | Place    | Note
-------+----------+-------------------------------------------
     0 | D:1      | Bnni the Formicid Hexslinger began the quest for the Orb.
     0 | D:1      | Reached XP level 1. HP: 15/15 MP: 2/2
    87 | D:1      | Reached XP level 2. HP: 11/21 MP: 3/3
   162 | D:1      | Reached skill level 4 in Hexes
   252 | D:1      | Reached XP level 3. HP: 26/26 MP: 4/4
   256 | D:1      | Learned a level 3 spell: Inner Flame
   752 | D:2      | Identified the +0 helmet "Iwotarou" {*Slow rElec rF+ rC+}
   752 | D:2      | Noticed Robin
   787 | D:2      | Killed Robin
   788 | D:2      | Reached XP level 4. HP: 18/31 MP: 6/6
   937 | D:2      | Found Icwuch's Distillery.
   945 | D:2      | Reached skill level 1 in Fire Magic
  1004 | D:2      | Bought a potion of heal wounds for 65 gold pieces
  1258 | D:2      | Reached XP level 5. HP: 38/38 MP: 7/7
  1508 | D:3      | Reached skill level 5 in Hexes
  1603 | D:3      | Found a shimmering blue altar of Sif Muna.
  2342 | D:4      | Reached XP level 6. HP: 15/44 MP: 3/9
  2434 | D:4      | Noticed Sigmund
  2439 | D:4      | Killed Sigmund
  2493 | D:3      | Reached XP level 7. HP: 8/51 MP: 5/10
  2930 | D:4      | Learned a level 4 spell: Cause Fear
  2995 | D:4      | Noticed Eustachio
  2998 | D:4      | Killed Eustachio
  2999 | D:4      | Reached skill level 6 in Hexes
  3069 | D:4      | Learned a level 3 spell: Portal Projectile
  3542 | D:4      | Reached XP level 8. HP: 20/58 MP: 2/12
  3753 | D:4      | Noticed Duvessa
  3756 | D:4      | Noticed Dowan
  3879 | D:4      | Killed Duvessa
  3880 | D:4      | Reached skill level 5 in Ranged Weapons
  3929 | D:4      | Killed Dowan
  4248 | D:5      | Entered Level 5 of the Dungeon
  4260 | D:5      | Found Terum's Weapon Emporium.
  4271 | D:5      | Bought 4 curare-tipped darts for 28 gold pieces
  4465 | D:5      | Reached skill level 7 in Hexes
  4646 | D:5      | Found a stormy altar of Qazlal.
  4710 | D:5      | Found Duokkoud's Armour Shop.
  4720 | D:5      | Noticed a yak
  4729 | D:5      | Killed a yak
  4778 | D:5      | Found a radiant altar of Vehumet.
  4922 | D:5      | Noticed a yak
  4928 | D:5      | Killed a yak
  4929 | D:5      | Reached XP level 9. HP: 67/67 MP: 9/13
  4940 | D:5      | Reached skill level 5 in Fighting
  5025 | D:5      | Found a shimmering altar of Xom.
  5379 | D:5      | Found a hazy altar of Hepliaklqana.
  5661 | D:6      | Reached skill level 8 in Hexes
  6009 | D:6      | Noticed Maggie
  6029 | D:6      | Slain by Maggie

Illustrated notes

Levels and vault maps discovered:
D:1:      dpeg_arrival_round_c, layout_basic
D:2:      layout_loops_cross, serial_shops, shop_fountains, uniq_robin
D:3:      layout_basic, mainiacjoe_overflow_tiny_flanked
D:4:      layout_loops_ring, st_stairs_3, uniq_eustachio, uniq_sigmund,
          uniq_duvessa
D:5:      layout_cave_pods, nicolae_qazlal_scattered_showers,
          nicolae_hepliaklqana_hippocampus, serial_shops, shop,
          nicolae_shop_behind_doors, hangedman_feature_mirror
D:6:      dreamdust_elfheim, layout_basic, mainiacjoe_overflow_swirl,
          serial_shops, nicolae_take_the_stairs, kennysheep_generic_room_2,
          uniq_maggie, uniq_blork_the_orc

Skill      XL: |  1  2  3  4  5  6  7  8  9 |
---------------+----------------------------+-----
Hexes          | 4 5 6 7 8 |  8.1
Fire Magic     | 1 2 3 |  3.0
Fighting       | 2 3 4 5 |  5.5
Ranged Weapons | 3 4 6 7 |  7.4
Spellcasting   | 2 3 |  3.0
Dodging        | |  1.7

Action                   |  1- 3 |  4- 6 |  7- 9 || total
-------------------------+-------+-------+-------++-------
 Fire: Sling             |   123 |   153 |   216 ||   492
Throw: Dart              |       |       |    11 ||    11
 Cast: Slow              |     1 |    11 |    27 ||    39
       Inner Flame       |       |     3 |    31 ||    34
 Abil: Dig               |     1 |       |       ||     1
  Use: Scroll            |       |     4 |     2 ||     6
       Potion            |       |       |     2 ||     2
Armor: Robe              |     7 |     9 |     6 ||    22
       Leather armour    |       |       |    10 ||    10
Dodge: Dodged            |    36 |    56 |    61 ||   153

Table legend: (Time is in decaauts)
 A = Elapsed time spent in this place.
 B = Non-inter-level travel time spent in this place.
 C = Inter-level travel time spent in this place.
 D = Time resting spent in this place.
 E = Time spent auto-exploring this place.
 F = Levels seen in this place.
 G = Mean time per level.
                   A        B        C        D        E       F      G
               +--------+--------+--------+--------+--------+-----+--------+
         Total |   6131 |   5953 |    178 |   1124 |   3576 |   6 | 1021.8 |
       Dungeon |   6131 |   5953 |    178 |   1124 |   3576 |   6 | 1021.8 |
               +--------+--------+--------+--------+--------+-----+--------+

Top non-repeatable levels by time:
     D:4: 1678 daAuts
     D:5: 1244 daAuts
     D:3: 1223 daAuts
     D:2: 797 daAuts
     D:1: 734 daAuts
     D:6: 454 daAuts
